[ AOE2 MATCH · #474156408 ]
UnrankedShu vs Sicilians
[ REPLAY ANALYSIS · EXTRACTED FROM THE RECORDED GAME ]
Feudal
12:22
Castle
15:56
Imperial
30:48
| APM avg | 46.0 |
| APM peak | 102 |
| eAPM avg | 24.7 |
| Villagers / military | 157 / 254 |
Focus
⚔️ 38.0% · 🌾 62.0%
Archer ×252 · Fishing Ship ×15 · Unknown (1942) ×6 · Unknown (1959) ×6 · Monk ×1 · Demolition Raft ×1
Feudal
12:17
Castle
16:16
Imperial
28:38
| APM avg | 38.2 |
| APM peak | 85 |
| eAPM avg | 22.4 |
| Villagers / military | 134 / 271 |
Focus
⚔️ 30.1% · 🌾 69.9%
Knight ×230 · Trade Cart ×36 · Fishing Ship ×21 · Scout Cavalry ×21 · Battering Ram ×17 · Serjeant ×2
Feudal
11:51
Castle
15:26
Imperial
34:20
| APM avg | 31.8 |
| APM peak | 73 |
| eAPM avg | 22.7 |
| Villagers / military | 154 / 275 |
Focus
⚔️ 37.1% · 🌾 62.9%
Knight ×140 · Hand Cannoneer ×49 · Skirmisher ×38 · Scout Cavalry ×37 · Flemish Militia ×10 · Monk ×1
Feudal
11:21
Castle
14:51
Imperial
27:30
| APM avg | 42.0 |
| APM peak | 97 |
| eAPM avg | 21.1 |
| Villagers / military | 112 / 133 |
Focus
⚔️ 35.3% · 🌾 64.7%
Mangudai ×94 · Fishing Ship ×36 · Battering Ram ×18 · Mangonel ×15 · Trebuchet (Packed) ×4 · Monk ×1
Feudal
10:50
Castle
17:28
Imperial
22:54
| APM avg | 40.0 |
| APM peak | 94 |
| eAPM avg | 20.9 |
| Villagers / military | 102 / 150 |
Focus
⚔️ 42.6% · 🌾 57.4%
Hand Cannoneer ×121 · Bombard Cannon ×18 · Fishing Ship ×11 · Spearman ×6 · Monk ×2 · Trebuchet (Packed) ×2
Feudal
11:33
Castle
15:28
Imperial
35:41
| APM avg | 40.9 |
| APM peak | 75 |
| eAPM avg | 25.3 |
| Villagers / military | 113 / 7 |
Focus
⚔️ 31.1% · 🌾 68.9%
Unknown (1944) ×153 · Unknown (1974) ×35 · Fishing Ship ×27 · Unknown (1942) ×12 · Battering Ram ×3 · Mangonel ×2
Feudal
13:03
Castle
16:44
Imperial
33:11
| APM avg | 37.4 |
| APM peak | 90 |
| eAPM avg | 14.2 |
| Villagers / military | 126 / 85 |
Focus
⚔️ 29.0% · 🌾 71.0%
Monk ×44 · Camel Scout ×35 · Trebuchet (Packed) ×5 · Mangonel ×1
Feudal
15:13
Castle
21:14
Imperial
—
| APM avg | 24.5 |
| APM peak | 59 |
| eAPM avg | 19.6 |
| Villagers / military | 110 / 51 |
Focus
⚔️ 27.3% · 🌾 72.7%
Militia ×35 · Huskarl ×16
Match map
Initial resources + every placement click. Lines = walls · curves = elevation contours. ◆ gold · ⬟ stone · ● berries · ✦ relic · ◌ wall gap
Your base· ✓ Closed at 15:56 · 14t walls · no gate
johnnyrak's base· Open — opponent sealed themselves in
The Messiah's base· ✓ Closed at 15:26 · 0t walls · no gate
Gernisu's base· Open — opponent sealed themselves in
RBase96's base· ✓ Closed at 17:28 · 21t walls · no gate
TheFaceless23's base· Open — opponent sealed themselves in
H-u-n-t-e-R's base· Open — opponent sealed themselves in
Dizzy AoE's base· ✓ Closed at 21:14 · 31t walls · no gate
Smoothed initial terrain · ◌ = detected wall gap · hover for details
Inputs per minute
— Lorhey - - johnnyrak
Build order — Lorhey
First 150 of 508 actions detected
| 0:01 | Create | Villager (Male) |
| 0:01 | Create | Villager (Male) |
| 0:01 | Create | Villager (Male) |
| 0:02 | Create | Villager (Male) |
| 0:02 | Create | Villager (Male) |
| 0:03 | Build | House |
| 0:05 | Build | House |
| 1:37 | Create | Villager (Male) |
| 1:37 | Create | Villager (Male) |
| 1:58 | Create | Villager (Male) |
| 2:24 | Create | Villager (Male) |
| 2:48 | Build | Lumber Camp |
| 3:04 | Create | Villager (Male) |
| 3:04 | Create | Villager (Male) |
| 3:05 | Create | Villager (Male) |
| 3:51 | Create | Villager (Male) |
| 4:01 | Create | Villager (Male) |
| 4:07 | Build | House |
| 4:23 | Create | Villager (Male) |
| 4:58 | Create | Villager (Male) |
| 5:17 | Create | Villager (Male) |
| 5:43 | Build | Dock |
| 5:46 | Create | Villager (Male) |
| 6:05 | Build | House |
| 6:09 | Create | Villager (Male) |
| 6:42 | Create | Villager (Male) |
| 6:52 | Create | Fishing Ship |
| 6:52 | Create | Fishing Ship |
| 7:07 | Create | Villager (Male) |
| 7:29 | Create | Fishing Ship |
| 7:39 | Build | House |
| 7:42 | Create | Villager (Male) |
| 8:04 | Create | Villager (Male) |
| 8:26 | Build | Mill |
| 8:27 | Create | Villager (Male) |
| 8:54 | Create | Villager (Male) |
| 8:55 | Create | Fishing Ship |
| 9:22 | Create | Villager (Male) |
| 9:24 | Research | Loom |
| 9:47 | Research | Feudal Age |
| 10:00 | Create | Fishing Ship |
| 10:03 | Build | House |
| 10:29 | Build | Mining Camp |
| 10:48 | Build | House |
| 12:13 | Create | Villager (Male) |
| 12:13 | Create | Villager (Male) |
| 12:22 | Age | Feudal Age |
| 12:26 | Build | Market |
| 12:28 | Build | Blacksmith |
| 12:35 | Build | Stone Wall |
| 12:59 | Create | Fishing Ship |
| 13:12 | Research | Double-Bit Axe |
| 13:16 | Research | Castle Age |
| 13:38 | Build | Stone Wall |
| 13:47 | Build | Mining Camp |
| 14:12 | Build | Fish Trap |
| 14:22 | Build | Fish Trap |
| 14:45 | Build | Fish Trap |
| 14:59 | Build | Fish Trap |
| 15:24 | Create | Villager (Male) |
| 15:56 | Age | Castle Age |
| 15:58 | Build | Town Center |
| 16:15 | Create | Villager (Male) |
| 16:31 | Research | Bow Saw |
| 16:33 | Create | Villager (Male) |
| 16:53 | Build | House |
| 17:00 | Create | Villager (Male) |
| 17:08 | Create | Villager (Male) |
| 17:08 | Create | Villager (Male) |
| 17:15 | Create | Villager (Male) |
| 17:19 | Build | Fish Trap |
| 17:35 | Build | House |
| 17:36 | Create | Villager (Male) |
| 17:38 | Create | Villager (Male) |
| 17:46 | Build | Fish Trap |
| 18:05 | Create | Villager (Male) |
| 18:05 | Create | Villager (Male) |
| 18:06 | Create | Fishing Ship |
| 18:24 | Build | Dock |
| 18:28 | Create | Villager (Male) |
| 18:28 | Create | Villager (Male) |
| 18:56 | Create | Villager (Male) |
| 18:56 | Create | Villager (Male) |
| 18:58 | Create | Fishing Ship |
| 19:02 | Build | Fish Trap |
| 19:05 | Research | Gold Mining |
| 19:07 | Research | Stone Mining |
| 19:12 | Create | Fishing Ship |
| 19:15 | Build | House |
| 19:23 | Create | Villager (Male) |
| 19:23 | Create | Villager (Male) |
| 19:29 | Build | Lumber Camp |
| 19:45 | Build | Fish Trap |
| 19:47 | Create | Villager (Male) |
| 19:57 | Create | Villager (Male) |
| 20:00 | Create | Fishing Ship |
| 20:00 | Create | Fishing Ship |
| 20:07 | Build | Fish Trap |
| 20:13 | Build | House |
| 20:15 | Create | Villager (Male) |
| 20:15 | Create | Villager (Male) |
| 20:37 | Build | House |
| 20:38 | Build | House |
| 20:39 | Build | House |
| 20:43 | Create | Fishing Ship |
| 20:44 | Create | Fishing Ship |
| 20:46 | Build | Fish Trap |
| 20:52 | Build | Fish Trap |
| 21:03 | Build | Castle |
| 21:05 | Create | Villager (Male) |
| 21:05 | Create | Villager (Male) |
| 21:11 | Create | Fishing Ship |
| 21:11 | Create | Fishing Ship |
| 21:13 | Create | Villager (Male) |
| 21:13 | Create | Villager (Male) |
| 21:16 | Create | Villager (Male) |
| 21:16 | Create | Villager (Male) |
| 21:28 | Build | Farm |
| 21:31 | Build | Farm |
| 21:34 | Build | Farm |
| 21:35 | Build | Farm |
| 21:36 | Create | Villager (Male) |
| 21:37 | Create | Villager (Male) |
| 21:37 | Create | Villager (Male) |
| 21:43 | Build | Stone Wall |
| 21:52 | Build | Barracks |
| 22:01 | Build | Stone Wall |
| 22:07 | Create | Demolition Raft |
| 22:13 | Build | Stone Wall |
| 22:15 | Build | Stone Wall |
| 22:26 | Create | Villager (Male) |
| 22:27 | Create | Villager (Male) |
| 22:45 | Create | Villager (Male) |
| 22:45 | Create | Villager (Male) |
| 22:47 | Build | Farm |
| 22:48 | Build | Farm |
| 22:49 | Create | Villager (Male) |
| 22:49 | Create | Villager (Male) |
| 22:54 | Build | Farm |
| 22:54 | Build | Farm |
| 22:54 | Build | Farm |
| 22:55 | Build | Farm |
| 22:55 | Build | Farm |
| 23:26 | Build | Fish Trap |
| 23:28 | Build | Fish Trap |
| 23:31 | Build | Fish Trap |
| 23:53 | Create | Villager (Male) |
| 23:53 | Create | Villager (Male) |
| 23:55 | Create | Villager (Male) |
| 24:09 | Build | House |
Build order — johnnyrak
First 150 of 495 actions detected
| 0:02 | Create | Villager (Male) |
| 0:02 | Create | Villager (Male) |
| 0:02 | Create | Villager (Male) |
| 0:04 | Build | House |
| 0:05 | Build | House |
| 0:06 | Research | Loom |
| 0:28 | Create | Villager (Male) |
| 0:29 | Create | Villager (Male) |
| 0:42 | Create | Villager (Male) |
| 0:42 | Create | Villager (Male) |
| 1:47 | Create | Villager (Male) |
| 1:48 | Create | Villager (Male) |
| 2:04 | Create | Villager (Male) |
| 2:05 | Create | Villager (Male) |
| 2:23 | Build | Lumber Camp |
| 2:25 | Create | Villager (Male) |
| 2:25 | Create | Villager (Male) |
| 2:25 | Create | Villager (Male) |
| 2:58 | Create | Villager (Male) |
| 2:58 | Create | Villager (Male) |
| 2:59 | Create | Villager (Male) |
| 3:07 | Create | Villager (Male) |
| 3:07 | Create | Villager (Male) |
| 3:39 | Create | Villager (Male) |
| 3:39 | Create | Villager (Male) |
| 3:40 | Create | Villager (Male) |
| 4:15 | Create | Villager (Male) |
| 4:15 | Create | Villager (Male) |
| 4:16 | Create | Villager (Male) |
| 4:43 | Create | Villager (Male) |
| 4:44 | Create | Villager (Male) |
| 4:49 | Build | House |
| 4:51 | Build | House |
| 5:29 | Create | Villager (Male) |
| 5:29 | Create | Villager (Male) |
| 5:29 | Create | Villager (Male) |
| 5:29 | Create | Villager (Male) |
| 5:45 | Create | Villager (Male) |
| 5:45 | Create | Villager (Male) |
| 5:45 | Create | Villager (Male) |
| 5:54 | Build | Mill |
| 6:37 | Create | Villager (Male) |
| 6:42 | Create | Villager (Male) |
| 6:48 | Build | Dock |
| 6:53 | Create | Villager (Male) |
| 7:25 | Create | Villager (Male) |
| 7:33 | Create | Villager (Male) |
| 7:34 | Build | House |
| 7:47 | Create | Fishing Ship |
| 7:47 | Create | Fishing Ship |
| 8:40 | Build | House |
| 8:42 | Create | Fishing Ship |
| 9:15 | Create | Villager (Male) |
| 9:19 | Build | House |
| 9:20 | Create | Fishing Ship |
| 9:32 | Create | Fishing Ship |
| 9:42 | Create | Villager (Male) |
| 9:46 | Research | Feudal Age |
| 11:32 | Create | Villager (Male) |
| 11:32 | Create | Villager (Male) |
| 11:41 | Build | Mining Camp |
| 12:17 | Age | Feudal Age |
| 12:17 | Create | Villager (Male) |
| 12:18 | Create | Fishing Ship |
| 12:22 | Build | Market |
| 12:26 | Build | Blacksmith |
| 13:04 | Create | Villager (Male) |
| 13:16 | Create | Fishing Ship |
| 13:37 | Research | Castle Age |
| 13:47 | Build | Lumber Camp |
| 13:56 | Build | Dock |
| 13:57 | Create | Fishing Ship |
| 14:13 | Create | Fishing Ship |
| 14:17 | Research | Tech 906 |
| 14:29 | Build | Fish Trap |
| 14:41 | Build | House |
| 14:42 | Build | House |
| 14:44 | Build | House |
| 14:44 | Build | House |
| 14:49 | Research | Double-Bit Axe |
| 15:10 | Build | Fish Trap |
| 15:23 | Build | Fish Trap |
| 15:35 | Build | Fish Trap |
| 15:42 | Build | Fish Trap |
| 15:48 | Build | Fish Trap |
| 16:02 | Create | Villager (Male) |
| 16:02 | Create | Villager (Male) |
| 16:15 | Build | Fish Trap |
| 16:16 | Age | Castle Age |
| 16:19 | Build | Fish Trap |
| 16:21 | Create | Villager (Male) |
| 16:23 | Create | Villager (Male) |
| 16:45 | Build | Town Center |
| 16:54 | Build | Town Center |
| 17:04 | Create | Villager (Male) |
| 17:10 | Create | Fishing Ship |
| 17:10 | Create | Fishing Ship |
| 17:36 | Build | Town Center |
| 17:44 | Research | Bow Saw |
| 17:52 | Create | Villager (Male) |
| 17:52 | Create | Villager (Male) |
| 18:05 | Build | Fish Trap |
| 18:08 | Build | Fish Trap |
| 18:13 | Create | Villager (Male) |
| 18:13 | Create | Villager (Male) |
| 18:14 | Create | Villager (Male) |
| 18:14 | Create | Villager (Male) |
| 18:14 | Create | Villager (Male) |
| 18:36 | Create | Fishing Ship |
| 18:36 | Create | Fishing Ship |
| 18:42 | Build | Farm |
| 18:43 | Build | Farm |
| 18:47 | Research | Horse Collar |
| 18:56 | Create | Villager (Male) |
| 18:56 | Create | Villager (Male) |
| 19:03 | Build | Farm |
| 19:06 | Build | Farm |
| 19:13 | Build | Farm |
| 19:14 | Build | Farm |
| 19:15 | Create | Villager (Male) |
| 19:16 | Create | Villager (Male) |
| 19:21 | Create | Fishing Ship |
| 19:21 | Create | Fishing Ship |
| 19:21 | Create | Fishing Ship |
| 19:32 | Build | Fish Trap |
| 19:39 | Create | Fishing Ship |
| 19:39 | Create | Fishing Ship |
| 19:45 | Build | Fish Trap |
| 20:00 | Build | Lumber Camp |
| 20:05 | Build | Lumber Camp |
| 20:13 | Create | Villager (Male) |
| 20:13 | Create | Villager (Male) |
| 20:14 | Create | Villager (Male) |
| 20:14 | Create | Villager (Male) |
| 20:14 | Create | Villager (Male) |
| 20:14 | Create | Villager (Male) |
| 20:18 | Build | Fish Trap |
| 20:26 | Build | Fish Trap |
| 20:28 | Create | Villager (Male) |
| 20:28 | Create | Villager (Male) |
| 20:28 | Create | Villager (Male) |
| 20:31 | Create | Fishing Ship |
| 20:31 | Create | Fishing Ship |
| 20:35 | Create | Fishing Ship |
| 20:37 | Create | Villager (Male) |
| 20:37 | Create | Villager (Male) |
| 20:38 | Create | Villager (Male) |
| 20:45 | Build | Lumber Camp |
| 20:53 | Create | Villager (Male) |
| 20:53 | Create | Villager (Male) |
Build order — The Messiah
First 150 of 622 actions detected
| 0:01 | Create | Villager (Male) |
| 0:01 | Create | Villager (Male) |
| 0:01 | Create | Villager (Male) |
| 0:01 | Create | Villager (Male) |
| 0:02 | Build | House |
| 0:04 | Build | House |
| 1:35 | Create | Villager (Male) |
| 1:35 | Create | Villager (Male) |
| 1:44 | Build | Lumber Camp |
| 2:09 | Create | Villager (Male) |
| 2:28 | Create | Villager (Male) |
| 2:51 | Create | Villager (Male) |
| 3:07 | Build | House |
| 3:09 | Build | House |
| 3:17 | Create | Villager (Male) |
| 3:18 | Create | Villager (Male) |
| 3:35 | Create | Villager (Male) |
| 3:35 | Create | Villager (Male) |
| 4:09 | Create | Villager (Male) |
| 4:09 | Create | Villager (Male) |
| 4:10 | Create | Villager (Male) |
| 5:02 | Create | Villager (Male) |
| 5:02 | Create | Villager (Male) |
| 5:13 | Build | Mill |
| 5:23 | Create | Villager (Male) |
| 5:56 | Create | Villager (Male) |
| 6:02 | Research | Double-Bit Axe |
| 6:30 | Create | Villager (Male) |
| 6:30 | Create | Villager (Male) |
| 7:36 | Create | Villager (Male) |
| 7:36 | Create | Villager (Male) |
| 8:11 | Build | House |
| 8:12 | Build | House |
| 8:17 | Build | Mill |
| 8:21 | Create | Villager (Male) |
| 8:22 | Create | Villager (Male) |
| 9:15 | Create | Villager (Male) |
| 9:18 | Research | Feudal Age |
| 9:19 | Research | Horse Collar |
| 10:13 | Build | Farm |
| 10:18 | Build | Farm |
| 10:23 | Build | Farm |
| 10:25 | Build | Farm |
| 11:20 | Create | Villager (Male) |
| 11:20 | Create | Villager (Male) |
| 11:51 | Age | Feudal Age |
| 11:53 | Build | Market |
| 11:55 | Build | Blacksmith |
| 12:10 | Research | Bow Saw |
| 12:46 | Research | Castle Age |
| 12:55 | Research | Heavy Plow |
| 13:05 | Build | Farm |
| 13:20 | Build | Farm |
| 13:25 | Build | Farm |
| 13:42 | Create | Villager (Male) |
| 13:56 | Build | Mining Camp |
| 14:04 | Build | Farm |
| 14:10 | Build | Farm |
| 14:16 | Create | Villager (Male) |
| 14:18 | Build | Farm |
| 14:35 | Build | House |
| 15:26 | Age | Castle Age |
| 15:29 | Build | Town Center |
| 15:43 | Research | Wheelbarrow |
| 15:43 | Create | Villager (Male) |
| 15:58 | Create | Villager (Male) |
| 15:59 | Create | Villager (Male) |
| 16:09 | Build | House |
| 16:10 | Build | House |
| 16:13 | Build | House |
| 16:32 | Research | Two-Man Saw |
| 17:01 | Create | Villager (Male) |
| 17:02 | Create | Villager (Male) |
| 17:19 | Create | Villager (Male) |
| 17:39 | Build | Monastery |
| 17:44 | Create | Villager (Male) |
| 17:44 | Create | Villager (Male) |
| 17:50 | Build | Farm |
| 18:05 | Build | Farm |
| 18:07 | Create | Villager (Male) |
| 18:07 | Create | Villager (Male) |
| 18:16 | Create | Monk |
| 18:58 | Build | Mining Camp |
| 19:06 | Build | Town Center |
| 19:10 | Create | Villager (Male) |
| 19:11 | Create | Villager (Male) |
| 19:36 | Research | Hand Cart |
| 19:37 | Research | Loom |
| 19:37 | Research | Town Watch |
| 19:39 | Create | Villager (Male) |
| 19:39 | Create | Villager (Male) |
| 19:45 | Build | Farm |
| 19:47 | Build | Farm |
| 19:51 | Create | Villager (Male) |
| 19:51 | Create | Villager (Male) |
| 20:05 | Create | Villager (Male) |
| 20:05 | Create | Villager (Male) |
| 20:10 | Build | Farm |
| 20:13 | Build | Farm |
| 20:25 | Build | House |
| 20:26 | Build | House |
| 20:26 | Build | House |
| 20:30 | Create | Villager (Male) |
| 20:30 | Create | Villager (Male) |
| 20:31 | Create | Villager (Male) |
| 20:50 | Create | Villager (Male) |
| 20:50 | Create | Villager (Male) |
| 20:57 | Build | Farm |
| 20:58 | Build | Barracks |
| 20:59 | Build | Farm |
| 21:01 | Create | Villager (Male) |
| 21:03 | Build | Farm |
| 21:29 | Create | Villager (Male) |
| 21:29 | Create | Villager (Male) |
| 21:35 | Research | Gold Mining |
| 22:13 | Create | Villager (Male) |
| 22:14 | Create | Villager (Male) |
| 22:14 | Create | Villager (Male) |
| 22:38 | Build | Barracks |
| 22:39 | Build | Barracks |
| 22:42 | Create | Villager (Male) |
| 22:43 | Create | Villager (Male) |
| 22:43 | Create | Villager (Male) |
| 22:43 | Research | Forging |
| 22:43 | Research | Scale Mail Armor |
| 22:47 | Create | Villager (Male) |
| 22:47 | Create | Villager (Male) |
| 22:49 | Build | Farm |
| 22:54 | Build | House |
| 22:54 | Build | House |
| 22:57 | Create | Villager (Male) |
| 22:57 | Create | Villager (Male) |
| 23:10 | Create | Villager (Male) |
| 23:10 | Create | Villager (Male) |
| 23:15 | Build | House |
| 23:16 | Build | House |
| 23:26 | Create | Flemish Militia |
| 23:26 | Create | Flemish Militia |
| 23:26 | Create | Flemish Militia |
| 23:28 | Research | Squires |
| 23:30 | Create | Flemish Militia |
| 23:42 | Build | Farm |
| 23:43 | Build | Farm |
| 23:43 | Build | Farm |
| 23:44 | Build | Farm |
| 23:46 | Create | Villager (Male) |
| 23:46 | Create | Villager (Male) |
| 23:53 | Build | Farm |
| 23:54 | Build | Farm |
| 23:56 | Create | Villager (Male) |
Build order — Gernisu
First 150 of 333 actions detected
| 0:01 | Create | Villager (Male) ×4 |
| 0:02 | Build | House |
| 0:03 | Build | House |
| 1:24 | Create | Villager (Male) |
| 1:57 | Build | Lumber Camp |
| 1:59 | Create | Villager (Male) |
| 2:19 | Create | Villager (Male) |
| 2:50 | Create | Villager (Male) |
| 3:15 | Create | Villager (Male) |
| 3:16 | Create | Villager (Male) |
| 3:30 | Create | Villager (Male) |
| 3:50 | Build | House |
| 3:57 | Create | Villager (Male) |
| 4:20 | Build | Dock |
| 4:26 | Create | Villager (Male) |
| 4:55 | Create | Villager (Male) |
| 5:03 | Create | Fishing Ship |
| 5:17 | Create | Villager (Male) |
| 5:22 | Build | House |
| 5:42 | Create | Villager (Male) |
| 5:57 | Create | Fishing Ship |
| 6:01 | Build | House |
| 6:09 | Create | Villager (Male) |
| 6:25 | Create | Villager (Male) |
| 6:26 | Create | Villager (Male) |
| 6:38 | Create | Fishing Ship |
| 6:59 | Create | Fishing Ship |
| 7:04 | Create | Villager (Male) |
| 7:15 | Build | Palisade Wall |
| 7:23 | Create | Villager (Male) |
| 7:30 | Build | House |
| 7:45 | Create | Villager (Male) |
| 7:46 | Create | Fishing Ship |
| 8:13 | Create | Fishing Ship |
| 8:18 | Create | Villager (Male) |
| 8:36 | Build | Mill |
| 9:08 | Research | Feudal Age |
| 9:20 | Build | Mining Camp |
| 9:40 | Create | Fishing Ship |
| 9:54 | Create | Villager (Male) |
| 9:54 | Create | Villager (Male) |
| 9:54 | Create | Villager (Male) |
| 10:55 | Build | House |
| 11:21 | Age | Feudal Age |
| 11:22 | Build | Market |
| 11:24 | Build | Blacksmith |
| 11:31 | Research | Double-Bit Axe |
| 11:45 | Build | Fish Trap |
| 12:02 | Build | Fish Trap |
| 12:09 | Research | Castle Age |
| 12:09 | Research | Castle Age |
| 12:15 | Build | Fish Trap |
| 12:31 | Build | Fish Trap |
| 12:46 | Build | Fish Trap |
| 12:58 | Build | Fish Trap |
| 13:13 | Build | Fish Trap |
| 14:23 | Create | Villager (Male) |
| 14:26 | Research | Tech 906 |
| 14:51 | Age | Castle Age |
| 14:52 | Build | Town Center |
| 14:55 | Build | Town Center |
| 15:01 | Research | Bow Saw |
| 15:09 | Create | Villager (Male) |
| 15:10 | Research | Gillnets |
| 15:18 | Build | House |
| 15:26 | Create | Villager (Male) |
| 15:34 | Create | Transport Ship |
| 15:48 | Create | Fishing Ship |
| 15:53 | Build | Dock |
| 15:57 | Create | Villager (Male) |
| 16:15 | Create | Villager (Male) |
| 16:19 | Create | Fishing Ship |
| 16:25 | Create | Villager (Male) |
| 16:25 | Create | Villager (Male) |
| 16:28 | Create | Villager (Male) |
| 16:28 | Create | Villager (Male) |
| 16:32 | Build | Fish Trap |
| 16:43 | Build | Dock |
| 16:45 | Create | Villager (Male) ×5 |
| 16:47 | Create | Fishing Ship |
| 17:01 | Build | House |
| 17:01 | Build | House |
| 17:03 | Build | House |
| 17:11 | Create | Fishing Ship |
| 17:11 | Create | Fishing Ship |
| 17:16 | Build | Fish Trap |
| 17:18 | Create | Villager (Male) |
| 17:29 | Build | Fish Trap |
| 17:31 | Create | Fishing Ship |
| 17:34 | Create | Villager (Male) ×2 |
| 17:39 | Create | Fishing Ship |
| 17:42 | Create | Villager (Male) ×3 |
| 17:53 | Build | Fish Trap |
| 17:59 | Create | Fishing Ship |
| 17:59 | Create | Fishing Ship |
| 18:04 | Build | House |
| 18:06 | Build | House |
| 18:13 | Build | Fish Trap |
| 18:17 | Build | Fish Trap |
| 18:18 | Create | Villager (Male) ×2 |
| 18:22 | Create | Fishing Ship |
| 18:22 | Create | Fishing Ship |
| 18:27 | Create | Villager (Male) |
| 18:34 | Build | Fish Trap |
| 18:37 | Create | Fishing Ship |
| 18:38 | Create | Fishing Ship |
| 18:38 | Create | Fishing Ship |
| 18:40 | Create | Villager (Male) ×2 |
| 18:40 | Create | Villager (Male) ×2 |
| 18:43 | Create | Villager (Male) |
| 18:48 | Build | Mining Camp |
| 18:52 | Build | House |
| 18:53 | Build | House |
| 18:58 | Build | Fish Trap |
| 19:03 | Create | Villager (Male) |
| 19:05 | Build | Fish Trap |
| 19:08 | Create | Fishing Ship |
| 19:14 | Create | Fishing Ship |
| 19:21 | Create | Villager (Male) ×2 |
| 19:21 | Build | Fish Trap |
| 19:30 | Build | House |
| 19:32 | Build | Fish Trap |
| 19:40 | Build | Fish Trap |
| 19:42 | Create | Villager (Male) ×3 |
| 19:43 | Create | Fishing Ship |
| 19:43 | Create | Fishing Ship |
| 19:48 | Build | House |
| 19:49 | Build | House |
| 19:57 | Build | Fish Trap |
| 20:00 | Create | Fishing Ship |
| 20:00 | Create | Fishing Ship |
| 20:01 | Create | Villager (Male) ×3 |
| 20:14 | Build | Fish Trap |
| 20:26 | Create | Fishing Ship |
| 20:27 | Create | Fishing Ship |
| 20:27 | Create | Fishing Ship |
| 20:28 | Create | Villager (Male) ×4 |
| 20:31 | Build | Fish Trap |
| 20:34 | Build | Fish Trap |
| 20:45 | Build | House |
| 20:46 | Build | House |
| 20:49 | Research | Stone Mining |
| 20:52 | Build | Fish Trap |
| 20:54 | Create | Fishing Ship |
| 20:54 | Create | Fishing Ship |
| 20:55 | Create | Villager (Male) ×2 |
| 20:59 | Research | Gold Mining |
| 21:10 | Build | Fish Trap |
| 21:13 | Build | Fish Trap |
| 21:22 | Build | Stone Wall |
Build order — RBase96
First 150 of 395 actions detected
| 0:02 | Create | Villager (Male) |
| 0:02 | Create | Villager (Male) |
| 0:02 | Create | Villager (Male) |
| 0:04 | Build | House |
| 0:06 | Build | House |
| 0:14 | Create | Villager (Male) |
| 0:14 | Create | Villager (Male) |
| 0:38 | Build | Palisade Wall |
| 1:01 | Research | Loom |
| 1:07 | Create | Villager (Male) |
| 1:45 | Create | Villager (Male) |
| 1:45 | Create | Villager (Male) |
| 1:59 | Build | Lumber Camp |
| 2:14 | Create | Villager (Male) |
| 2:43 | Create | Villager (Male) |
| 2:43 | Create | Villager (Male) |
| 3:15 | Research | Loom |
| 3:42 | Create | Villager (Male) |
| 3:58 | Build | House |
| 3:59 | Build | House |
| 4:08 | Create | Villager (Male) |
| 4:08 | Create | Villager (Male) |
| 4:30 | Create | Villager (Male) |
| 4:30 | Create | Villager (Male) |
| 4:58 | Create | Villager (Male) |
| 5:19 | Create | Villager (Male) |
| 5:23 | Build | Dock |
| 5:41 | Create | Villager (Male) |
| 5:41 | Create | Villager (Male) |
| 6:05 | Create | Villager (Male) |
| 6:14 | Create | Fishing Ship |
| 6:31 | Create | Villager (Male) |
| 6:42 | Create | Villager (Male) |
| 6:43 | Create | Fishing Ship |
| 7:16 | Create | Villager (Male) |
| 7:23 | Create | Fishing Ship |
| 7:44 | Create | Villager (Male) |
| 7:57 | Create | Villager (Male) |
| 8:01 | Create | Fishing Ship |
| 8:22 | Build | House |
| 8:34 | Build | House |
| 8:40 | Research | Feudal Age |
| 9:07 | Create | Fishing Ship |
| 9:42 | Create | Fishing Ship |
| 10:50 | Age | Feudal Age |
| 10:51 | Build | Barracks |
| 10:54 | Create | Villager (Male) |
| 10:57 | Research | Double-Bit Axe |
| 11:13 | Create | Villager (Male) |
| 11:24 | Research | Tech 906 |
| 11:24 | Research | Tech 906 |
| 11:32 | Create | Villager (Male) |
| 11:40 | Build | Stone Wall |
| 11:46 | Create | Villager (Male) |
| 11:59 | Build | Mill |
| 12:04 | Create | Villager (Male) |
| 12:05 | Create | Fishing Ship |
| 12:18 | Build | Mining Camp |
| 12:36 | Build | Fish Trap |
| 12:38 | Create | Villager (Male) |
| 12:43 | Build | Fish Trap |
| 12:52 | Create | Villager (Male) |
| 13:06 | Create | Villager (Male) |
| 13:28 | Create | Villager (Male) |
| 13:41 | Build | House |
| 13:44 | Research | Town Watch |
| 13:50 | Build | Archery Range |
| 14:09 | Build | Blacksmith |
| 14:12 | Create | Villager (Male) |
| 14:48 | Research | Castle Age |
| 14:53 | Research | Gold Mining |
| 15:06 | Build | Fish Trap |
| 15:28 | Build | Fish Trap |
| 15:30 | Create | Villager (Male) |
| 15:59 | Build | Fish Trap |
| 16:28 | Build | Fish Trap |
| 16:55 | Create | Villager (Male) |
| 16:55 | Create | Villager (Male) |
| 17:04 | Build | House |
| 17:05 | Build | House |
| 17:28 | Age | Castle Age |
| 17:33 | Build | University |
| 18:04 | Build | Monastery |
| 18:52 | Create | Villager (Male) |
| 19:00 | Create | Fishing Ship |
| 19:12 | Build | Stone Wall |
| 19:19 | Create | Villager (Male) |
| 19:25 | Create | Fishing Ship |
| 19:39 | Research | Imperial Age |
| 19:46 | Build | Archery Range |
| 20:01 | Create | Spearman |
| 20:20 | Build | Fish Trap |
| 20:24 | Create | Villager (Male) |
| 20:31 | Create | Spearman |
| 20:37 | Research | Scale Mail Armor |
| 20:59 | Build | Lumber Camp |
| 21:06 | Create | Monk |
| 21:24 | Create | Villager (Male) |
| 21:33 | Build | Fish Trap |
| 21:34 | Create | Villager (Male) |
| 21:56 | Create | Spearman |
| 22:07 | Build | Siege Workshop |
| 22:14 | Create | Villager (Male) |
| 22:22 | Create | Fishing Ship |
| 22:38 | Build | Archery Range |
| 22:49 | Research | Bow Saw |
| 22:54 | Age | Imperial Age |
| 23:00 | Research | Chemistry |
| 23:01 | Research | Tech 909 |
| 23:08 | Build | Fish Trap |
| 23:11 | Create | Villager (Male) |
| 23:20 | Create | Villager (Male) |
| 23:28 | Build | House |
| 23:29 | Build | House |
| 23:29 | Build | House |
| 23:34 | Research | Wheelbarrow |
| 23:48 | Build | Market |
| 23:50 | Create | Villager (Male) |
| 23:54 | Create | Fishing Ship |
| 24:14 | Create | Villager (Male) |
| 24:14 | Create | Villager (Male) |
| 24:19 | Research | Masonry |
| 24:29 | Build | Lumber Camp |
| 24:45 | Build | Mining Camp |
| 24:47 | Create | Villager (Male) |
| 24:50 | Create | Hand Cannoneer |
| 24:50 | Create | Hand Cannoneer |
| 24:50 | Create | Hand Cannoneer |
| 25:02 | Create | Hand Cannoneer |
| 25:02 | Create | Hand Cannoneer |
| 25:04 | Build | Fish Trap |
| 25:07 | Create | Bombard Cannon |
| 25:07 | Create | Bombard Cannon |
| 25:21 | Research | Gillnets |
| 25:24 | Build | House |
| 25:25 | Build | House |
| 25:25 | Build | House |
| 25:25 | Build | House |
| 25:26 | Build | House |
| 25:31 | Research | Stone Mining |
| 25:40 | Create | Hand Cannoneer |
| 25:40 | Create | Hand Cannoneer |
| 25:52 | Create | Villager (Male) |
| 25:58 | Create | Bombard Cannon |
| 25:58 | Create | Bombard Cannon |
| 26:04 | Build | Outpost |
| 26:08 | Create | Hand Cannoneer |
| 26:08 | Create | Hand Cannoneer |
| 26:24 | Create | Hand Cannoneer |
| 26:24 | Create | Hand Cannoneer |
Build order — TheFaceless23
First 150 of 433 actions detected
| 0:04 | Create | Villager (Male) |
| 0:04 | Create | Villager (Male) |
| 0:05 | Build | House |
| 0:06 | Build | House |
| 0:25 | Research | Loom |
| 0:25 | Create | Villager (Male) |
| 0:25 | Create | Villager (Male) |
| 1:14 | Create | Villager (Male) |
| 1:35 | Build | Palisade Wall |
| 1:58 | Create | Villager (Male) |
| 2:29 | Create | Villager (Male) |
| 2:34 | Build | Palisade Wall |
| 2:54 | Create | Villager (Male) |
| 3:14 | Build | Lumber Camp |
| 3:21 | Build | Palisade Wall |
| 3:22 | Build | Palisade Wall |
| 3:28 | Create | Villager (Male) |
| 3:49 | Create | Villager (Male) |
| 4:17 | Build | House |
| 4:32 | Create | Villager (Male) |
| 5:06 | Create | Villager (Male) |
| 5:15 | Build | House |
| 5:23 | Create | Villager (Male) |
| 5:43 | Create | Villager (Male) |
| 6:10 | Create | Villager (Male) |
| 6:13 | Build | Palisade Gate |
| 6:23 | Build | Palisade Gate |
| 6:29 | Build | Palisade Gate |
| 6:36 | Create | Villager (Male) |
| 6:44 | Build | Palisade Wall |
| 6:46 | Build | Palisade Wall |
| 6:48 | Build | Palisade Wall |
| 6:50 | Build | Mining Camp |
| 7:15 | Build | House |
| 7:17 | Create | Villager (Male) |
| 7:18 | Create | Villager (Male) |
| 7:28 | Create | Villager (Male) |
| 7:39 | Create | Villager (Male) |
| 7:49 | Build | Lumber Camp |
| 7:57 | Create | Villager (Male) |
| 8:14 | Create | Villager (Male) |
| 9:16 | Research | Feudal Age |
| 11:01 | Build | Mill |
| 11:29 | Create | Villager (Male) |
| 11:32 | Create | Villager (Male) |
| 11:33 | Age | Feudal Age |
| 11:33 | Create | Villager (Male) |
| 11:40 | Build | Market |
| 11:46 | Build | Blacksmith |
| 12:01 | Build | Stone Wall |
| 12:12 | Build | Dock |
| 12:44 | Research | Castle Age |
| 12:48 | Build | House |
| 13:06 | Build | Lumber Camp |
| 13:41 | Build | Stone Wall |
| 13:53 | Create | Villager (Male) |
| 13:54 | Create | Fishing Ship |
| 13:57 | Research | Double-Bit Axe |
| 14:13 | Create | Fishing Ship |
| 14:29 | Create | Villager (Male) |
| 14:58 | Build | Barracks |
| 15:08 | Create | Fishing Ship |
| 15:13 | Create | Villager (Male) |
| 15:16 | Create | Fishing Ship |
| 15:28 | Age | Castle Age |
| 15:44 | Create | Villager (Male) |
| 15:54 | Build | Barracks |
| 16:07 | Build | House |
| 16:09 | Build | House |
| 16:13 | Create | Villager (Male) |
| 16:16 | Build | House |
| 16:17 | Build | House |
| 16:40 | Build | Siege Workshop |
| 16:42 | Create | Spearman |
| 16:44 | Research | Scale Mail Armor |
| 16:46 | Research | Forging |
| 16:55 | Create | Unit 1974 |
| 16:58 | Create | Unit 1974 |
| 17:02 | Create | Fishing Ship |
| 17:06 | Build | Fish Trap |
| 17:16 | Build | Outpost |
| 17:26 | Create | Unit 1974 |
| 17:26 | Create | Unit 1974 |
| 17:34 | Create | Villager (Male) |
| 17:47 | Create | Battering Ram |
| 17:53 | Create | Unit 1105 |
| 17:55 | Create | Villager (Male) |
| 18:00 | Create | Villager (Male) |
| 18:02 | Create | Fishing Ship |
| 18:11 | Create | Villager (Male) |
| 18:12 | Build | Fish Trap |
| 18:18 | Build | Farm |
| 18:32 | Create | Unit 1974 |
| 18:32 | Create | Unit 1974 |
| 18:40 | Create | Unit 1974 |
| 18:45 | Create | Battering Ram |
| 18:59 | Build | Fish Trap |
| 19:00 | Create | Villager (Male) |
| 19:07 | Create | Unit 1974 |
| 19:13 | Build | Farm |
| 19:16 | Create | Unit 1974 |
| 19:30 | Create | Mangonel |
| 19:41 | Build | Farm |
| 19:47 | Create | Villager (Male) |
| 19:51 | Build | House |
| 19:53 | Build | House |
| 19:54 | Build | House |
| 19:57 | Create | Villager (Male) |
| 19:59 | Build | Farm |
| 20:03 | Create | Unit 1974 |
| 20:03 | Create | Unit 1974 |
| 20:15 | Create | Unit 1974 |
| 20:21 | Build | Farm |
| 20:25 | Build | Farm |
| 20:26 | Build | Farm |
| 20:26 | Build | Farm |
| 20:26 | Build | Farm |
| 20:41 | Create | Villager (Male) |
| 20:43 | Build | Farm |
| 20:43 | Build | Farm |
| 20:44 | Build | Farm |
| 20:54 | Create | Unit 1974 |
| 21:02 | Build | Fish Trap |
| 21:12 | Research | Squires |
| 21:12 | Create | Unit 1974 |
| 21:33 | Create | Unit 1974 |
| 21:33 | Create | Unit 1974 |
| 21:35 | Build | Farm |
| 21:36 | Build | Farm |
| 21:39 | Create | Fishing Ship |
| 21:42 | Build | Fish Trap |
| 22:10 | Create | Unit 1974 |
| 22:17 | Create | Battering Ram |
| 22:24 | Create | Unit 1974 |
| 22:31 | Research | Scale Mail Armor |
| 22:33 | Create | Unit 1974 |
| 22:33 | Create | Unit 1974 |
| 22:34 | Create | Unit 1974 |
| 23:24 | Create | Unit 1974 |
| 23:24 | Create | Unit 1974 |
| 23:24 | Create | Unit 1974 |
| 23:48 | Create | Unit 1974 |
| 23:48 | Create | Unit 1974 |
| 23:49 | Create | Villager (Male) |
| 23:49 | Create | Villager (Male) |
| 23:49 | Create | Villager (Male) |
| 24:08 | Create | Unit 1974 |
| 24:08 | Create | Unit 1974 |
| 24:10 | Create | Villager (Male) |
| 24:10 | Create | Villager (Male) |
Build order — H-u-n-t-e-R
First 150 of 287 actions detected
| 0:02 | Create | Villager (Male) |
| 0:04 | Build | House |
| 0:06 | Build | House |
| 0:24 | Research | Loom |
| 0:33 | Create | Villager (Male) |
| 0:34 | Create | Villager (Male) ×2 |
| 1:28 | Build | Lumber Camp |
| 1:40 | Build | Palisade Wall |
| 2:13 | Create | Villager (Male) |
| 2:13 | Create | Villager (Male) |
| 2:49 | Create | Villager (Male) |
| 3:19 | Create | Villager (Male) |
| 3:53 | Create | Villager (Male) |
| 3:53 | Create | Villager (Male) |
| 4:04 | Build | House |
| 4:16 | Create | Villager (Male) |
| 4:42 | Create | Villager (Male) |
| 4:51 | Build | House |
| 4:55 | Build | Mill |
| 5:28 | Create | Villager (Male) |
| 5:28 | Create | Villager (Male) |
| 5:48 | Create | Villager (Male) |
| 6:09 | Create | Villager (Male) |
| 6:09 | Create | Villager (Male) |
| 6:41 | Create | Villager (Male) |
| 6:41 | Create | Villager (Male) |
| 6:41 | Create | Villager (Male) |
| 6:49 | Build | House |
| 7:15 | Create | Villager (Male) |
| 7:15 | Create | Villager (Male) |
| 7:58 | Create | Villager (Male) |
| 8:00 | Create | Villager (Male) |
| 8:04 | Build | Mining Camp |
| 8:13 | Build | House |
| 8:52 | Create | Villager (Male) |
| 8:53 | Create | Villager (Male) |
| 9:37 | Create | Villager (Male) |
| 9:37 | Create | Villager (Male) |
| 10:08 | Build | Mill |
| 10:33 | Build | Lumber Camp |
| 10:40 | Research | Feudal Age |
| 10:40 | Research | Feudal Age |
| 10:58 | Build | Farm |
| 11:31 | Build | Outpost |
| 12:26 | Build | House |
| 13:03 | Age | Feudal Age |
| 13:04 | Create | Villager (Male) |
| 13:05 | Create | Villager (Male) |
| 13:07 | Build | Market |
| 13:39 | Build | Blacksmith |
| 14:04 | Research | Castle Age |
| 14:04 | Research | Castle Age |
| 14:07 | Build | Lumber Camp |
| 14:33 | Build | Stone Wall |
| 14:47 | Research | Double-Bit Axe |
| 14:48 | Research | Double-Bit Axe |
| 14:51 | Research | Horse Collar |
| 15:17 | Build | Farm |
| 15:18 | Build | Farm |
| 15:21 | Build | Farm |
| 15:22 | Build | Farm |
| 15:57 | Create | Villager (Male) |
| 15:57 | Create | Villager (Male) |
| 16:44 | Age | Castle Age |
| 16:45 | Create | Villager (Male) |
| 16:46 | Create | Villager (Male) |
| 16:52 | Build | Town Center |
| 17:00 | Build | Siege Workshop |
| 17:13 | Build | Farm |
| 17:16 | Research | Bow Saw |
| 17:21 | Research | Heavy Plow |
| 18:00 | Create | Mangonel |
| 18:08 | Build | Farm |
| 18:12 | Create | Villager (Male) |
| 18:12 | Create | Villager (Male) |
| 18:13 | Create | Villager (Male) |
| 18:13 | Create | Villager (Male) |
| 18:18 | Build | House |
| 18:40 | Create | Villager (Male) ×4 |
| 18:48 | Build | Farm |
| 19:17 | Build | University |
| 19:21 | Build | Farm |
| 19:47 | Create | Villager (Male) |
| 19:48 | Create | Villager (Male) |
| 19:48 | Create | Villager (Male) |
| 19:49 | Create | Villager (Male) |
| 19:53 | Build | Farm |
| 19:54 | Build | Farm |
| 19:55 | Build | Farm |
| 19:56 | Build | Farm |
| 20:09 | Build | Farm |
| 20:10 | Build | Farm |
| 20:13 | Build | Farm |
| 20:20 | Create | Villager (Male) |
| 20:24 | Create | Villager (Male) |
| 20:24 | Create | Villager (Male) |
| 20:29 | Build | Farm |
| 20:31 | Build | Farm |
| 20:32 | Build | Farm |
| 20:36 | Build | Farm |
| 20:37 | Build | Farm |
| 20:51 | Build | House |
| 21:04 | Build | Monastery |
| 21:08 | Create | Villager (Male) |
| 21:15 | Research | Wheelbarrow |
| 21:26 | Build | Farm |
| 21:31 | Create | Villager (Male) |
| 21:31 | Create | Villager (Male) |
| 21:44 | Build | Gate |
| 22:16 | Create | Villager (Male) |
| 22:16 | Create | Villager (Male) |
| 22:20 | Create | Villager (Male) |
| 22:20 | Create | Villager (Male) |
| 22:26 | Build | Farm |
| 22:27 | Build | Farm |
| 22:28 | Build | Farm |
| 22:30 | Create | Monk |
| 22:35 | Build | House |
| 22:42 | Build | House |
| 23:00 | Create | Villager (Male) |
| 23:14 | Build | Farm |
| 23:15 | Build | Farm |
| 23:16 | Build | Farm |
| 23:21 | Build | Farm |
| 24:01 | Create | Villager (Male) ×5 |
| 24:02 | Create | Villager (Male) ×5 |
| 24:06 | Research | Gold Mining |
| 24:06 | Research | Gold Mining |
| 24:35 | Build | House |
| 24:35 | Build | House |
| 24:36 | Build | House |
| 24:53 | Build | House |
| 24:54 | Build | House |
| 24:54 | Build | House |
| 24:54 | Build | House |
| 24:55 | Build | House |
| 24:55 | Build | House |
| 24:55 | Build | House |
| 24:55 | Build | House |
| 24:56 | Build | House |
| 24:56 | Build | House |
| 24:56 | Build | House |
| 24:56 | Build | House |
| 24:58 | Build | House |
| 24:58 | Build | House |
| 24:58 | Build | House |
| 25:03 | Research | Hand Cart |
| 25:10 | Create | Villager (Male) |
| 25:11 | Create | Villager (Male) |
| 25:34 | Create | Monk |
Build order — Dizzy AoE
First 150 of 336 actions detected
| 0:00 | Research | Loom |
| 0:01 | Research | Loom |
| 0:02 | Create | Villager (Male) |
| 0:02 | Create | Villager (Male) |
| 0:04 | Build | House |
| 0:06 | Build | House |
| 0:06 | Create | Villager (Male) |
| 0:06 | Create | Villager (Male) |
| 1:52 | Build | Palisade Wall |
| 1:59 | Create | Villager (Male) |
| 1:59 | Create | Villager (Male) |
| 2:21 | Build | Palisade Wall |
| 2:24 | Build | Palisade Wall |
| 2:42 | Build | Palisade Wall |
| 2:46 | Create | Villager (Male) |
| 2:51 | Create | Villager (Male) |
| 3:22 | Build | Palisade Wall |
| 3:42 | Build | Palisade Wall |
| 3:54 | Create | Villager (Male) |
| 4:00 | Create | Villager (Male) |
| 4:27 | Build | House |
| 4:49 | Create | Villager (Male) |
| 5:03 | Create | Villager (Male) |
| 5:41 | Create | Villager (Male) |
| 5:52 | Build | Lumber Camp |
| 6:06 | Create | Villager (Male) |
| 6:20 | Create | Villager (Male) |
| 6:36 | Build | House |
| 7:13 | Create | Villager (Male) |
| 7:13 | Create | Villager (Male) |
| 7:22 | Create | Villager (Male) |
| 7:47 | Build | Outpost |
| 7:57 | Build | Outpost |
| 8:00 | Build | Outpost |
| 8:18 | Create | Villager (Male) |
| 8:32 | Create | Villager (Male) |
| 8:32 | Create | Villager (Male) |
| 8:58 | Create | Villager (Male) |
| 9:07 | Build | House |
| 9:08 | Build | House |
| 9:12 | Build | House |
| 9:14 | Create | Villager (Male) |
| 10:00 | Create | Villager (Male) |
| 10:12 | Create | Villager (Male) |
| 10:32 | Build | Lumber Camp |
| 10:44 | Build | Mill |
| 10:48 | Create | Villager (Male) |
| 10:59 | Build | Palisade Wall |
| 11:09 | Build | Palisade Wall |
| 11:10 | Create | Villager (Male) |
| 11:21 | Create | Villager (Male) |
| 11:31 | Create | Villager (Male) |
| 11:40 | Build | Mining Camp |
| 12:00 | Research | Feudal Age |
| 12:21 | Build | Mill |
| 12:29 | Create | Villager (Male) |
| 12:44 | Create | Villager (Male) |
| 13:25 | Build | House |
| 13:26 | Build | House |
| 13:28 | Build | House |
| 13:29 | Build | House |
| 13:31 | Build | House |
| 13:33 | Build | House |
| 13:34 | Build | House |
| 13:35 | Build | House |
| 13:36 | Build | House |
| 13:37 | Build | House |
| 13:54 | Build | Farm |
| 13:55 | Build | Farm |
| 13:55 | Build | Farm |
| 13:55 | Build | Farm |
| 13:55 | Build | Farm |
| 13:56 | Build | Farm |
| 13:56 | Build | Farm |
| 13:56 | Build | Farm |
| 13:56 | Build | Farm |
| 13:57 | Build | Farm |
| 14:55 | Build | Lumber Camp |
| 14:58 | Create | Villager (Male) |
| 15:13 | Age | Feudal Age |
| 15:19 | Research | Double-Bit Axe |
| 15:22 | Research | Horse Collar |
| 15:47 | Build | Market |
| 15:57 | Build | Blacksmith |
| 16:04 | Create | Villager (Male) |
| 16:04 | Create | Villager (Male) |
| 16:13 | Build | Farm |
| 16:32 | Build | Farm |
| 16:46 | Build | Barracks |
| 16:52 | Create | Villager (Male) |
| 17:01 | Build | Farm |
| 17:05 | Create | Villager (Male) |
| 17:31 | Create | Villager (Male) |
| 17:48 | Build | Barracks |
| 17:51 | Create | Villager (Male) |
| 18:34 | Research | Castle Age |
| 18:48 | Create | Villager (Male) |
| 18:49 | Create | Villager (Male) |
| 19:04 | Build | Mining Camp |
| 19:37 | Build | Watch Tower |
| 19:44 | Create | Villager (Male) |
| 20:14 | Research | Town Watch |
| 21:14 | Age | Castle Age |
| 21:17 | Build | Town Center |
| 21:22 | Create | Villager (Male) |
| 21:26 | Build | Farm |
| 21:26 | Build | Farm |
| 21:27 | Build | Farm |
| 21:27 | Build | Farm |
| 21:33 | Research | Man-at-Arms (upgrade) |
| 21:34 | Research | Squires |
| 21:45 | Create | Militia |
| 21:52 | Build | Barracks |
| 21:55 | Research | Scale Mail Armor |
| 21:55 | Research | Forging |
| 22:07 | Build | House |
| 22:08 | Build | Palisade Wall |
| 22:11 | Research | Long Swordsman (upgrade) |
| 22:12 | Create | Militia ×5 |
| 22:12 | Create | Militia ×5 |
| 22:12 | Create | Militia ×4 |
| 22:22 | Build | Palisade Wall |
| 22:26 | Build | House |
| 22:27 | Build | Palisade Wall |
| 22:35 | Create | Militia |
| 22:57 | Create | Militia |
| 22:58 | Create | Villager (Male) |
| 23:02 | Build | Farm |
| 23:02 | Build | Farm |
| 23:03 | Build | Farm |
| 23:03 | Build | Farm |
| 23:03 | Build | Farm |
| 23:04 | Build | Farm |
| 23:04 | Build | Farm |
| 23:43 | Create | Militia |
| 23:43 | Create | Militia |
| 23:46 | Create | Militia |
| 23:46 | Create | Militia |
| 23:55 | Create | Militia |
| 23:55 | Create | Militia |
| 24:26 | Create | Militia |
| 24:27 | Create | Militia |
| 24:32 | Build | Farm |
| 24:35 | Build | Farm |
| 24:35 | Build | Farm |
| 24:35 | Build | Farm |
| 24:53 | Create | Militia |
| 24:53 | Create | Militia |
| 25:11 | Create | Militia |
| 25:11 | Create | Militia |
Match timeline
| 0:38 | RBase96 · wall_segment Palisade Wall x11 |
| 1:35 | TheFaceless23 · wall_segment Palisade Wall x8 |
| 1:40 | H-u-n-t-e-R · wall_segment Palisade Wall x11 |
| 1:52 | Dizzy AoE · wall_segment Palisade Wall x7 |
| 2:21 | Dizzy AoE · wall_segment Palisade Wall x1 |
| 2:24 | Dizzy AoE · wall_segment Palisade Wall x6 |
| 2:34 | TheFaceless23 · wall_segment Palisade Wall x8 |
| 2:42 | Dizzy AoE · wall_segment Palisade Wall x1 |
| 3:21 | TheFaceless23 · wall_segment Palisade Wall x2 |
| 3:22 | Dizzy AoE · wall_segment Palisade Wall x7 |
| 3:22 | TheFaceless23 · wall_segment Palisade Wall x1 |
| 3:42 | Dizzy AoE · wall_segment Palisade Wall x5 |
| 4:20 | Gernisu · first_building Dock |
| 5:23 | RBase96 · first_building Dock |
| 5:43 | Lorhey · first_building Dock |
| 6:44 | TheFaceless23 · wall_segment Palisade Wall x1 |
| 6:46 | TheFaceless23 · wall_segment Palisade Wall x1 |
| 6:48 | johnnyrak · first_building Dock |
| 6:48 | TheFaceless23 · wall_segment Palisade Wall x1 |
| 7:15 | Gernisu · wall_segment Palisade Wall x1 |
| 10:50 | RBase96 · age_up feudal |
| 10:51 | RBase96 · first_building Barracks |
| 10:59 | Dizzy AoE · wall_segment Palisade Wall x3 |
| 11:09 | Dizzy AoE · wall_segment Palisade Wall x1 |
| 11:21 | Gernisu · age_up feudal |
| 11:33 | TheFaceless23 · age_up feudal |
| 11:40 | RBase96 · wall_segment Stone Wall x10 |
| 11:51 | The Messiah · age_up feudal |
| 12:01 | TheFaceless23 · wall_segment Stone Wall x8 |
| 12:12 | TheFaceless23 · first_building Dock |
| 12:17 | johnnyrak · age_up feudal |
| 12:22 | Lorhey · age_up feudal |
| 12:35 | Lorhey · wall_segment Stone Wall x7 |
| 12:43 | The Messiah · first_market_sell 100 wood |
| 13:03 | H-u-n-t-e-R · age_up feudal |
| 13:38 | Lorhey · wall_segment Stone Wall x7 |
| 13:41 | TheFaceless23 · wall_segment Stone Wall x7 |
| 13:50 | RBase96 · first_building Archery Range |
| 14:32 | Gernisu · first_market_buy 100 wood |
| 14:33 | H-u-n-t-e-R · wall_segment Stone Wall x8 |
| 14:51 | Gernisu · age_up castle |
| 14:58 | TheFaceless23 · first_building Barracks |
| 15:13 | Dizzy AoE · age_up feudal |
| 15:26 | The Messiah · age_up castle |
| 15:28 | TheFaceless23 · age_up castle |
| 15:47 | Lorhey · first_market_buy 100 wood |
| 15:56 | Lorhey · age_up castle |
| 16:16 | johnnyrak · age_up castle |
| 16:24 | TheFaceless23 · first_market_buy 100 wood |
| 16:40 | TheFaceless23 · first_building Siege Workshop |
| 16:44 | H-u-n-t-e-R · age_up castle |
| 16:46 | Dizzy AoE · first_building Barracks |
| 17:00 | H-u-n-t-e-R · first_building Siege Workshop |
| 17:28 | RBase96 · age_up castle |
| 17:39 | The Messiah · first_building Monastery |
| 18:04 | RBase96 · first_building Monastery |
| 19:12 | RBase96 · wall_segment Stone Wall x11 |
| 20:58 | The Messiah · first_building Barracks |
| 21:03 | Lorhey · first_building Castle |
| 21:04 | H-u-n-t-e-R · first_building Monastery |
| 21:14 | Dizzy AoE · age_up castle |
| 21:22 | Gernisu · wall_segment Stone Wall x11 |
| 21:43 | Lorhey · wall_segment Stone Wall x1 |
| 21:52 | Lorhey · first_building Barracks |
| 22:01 | Lorhey · wall_segment Stone Wall x1 |
| 22:07 | RBase96 · first_building Siege Workshop |
| 22:08 | Dizzy AoE · wall_segment Palisade Wall x1 |
| 22:13 | Lorhey · wall_segment Stone Wall x1 |
| 22:15 | Lorhey · wall_segment Stone Wall x1 |
| 22:18 | Gernisu · first_building Monastery |
| 22:22 | Dizzy AoE · wall_segment Palisade Wall x1 |
| 22:27 | Dizzy AoE · wall_segment Palisade Wall x1 |
| 22:29 | TheFaceless23 · first_market_sell 100 wood |
| 22:54 | RBase96 · age_up imperial |
| 24:02 | Gernisu · first_building Castle |
| 24:47 | johnnyrak · first_building Monastery |
| 24:49 | Gernisu · first_building Barracks |
| 24:54 | johnnyrak · first_market_sell 500 wood |
| 24:57 | RBase96 · first_market_buy 100 wood |
| 25:16 | Dizzy AoE · first_market_sell 100 wood |
| 25:25 | johnnyrak · first_building Barracks |
| 25:44 | Lorhey · wall_segment Stone Wall x2 |
| 25:50 | Gernisu · first_building Archery Range |
| 25:53 | Gernisu · first_building Stable |
| 25:59 | Lorhey · first_building Monastery |
| 26:37 | The Messiah · first_building Castle |
| 26:41 | Lorhey · first_building Archery Range |
| 26:50 | H-u-n-t-e-R · first_building Castle |
| 26:50 | RBase96 · wall_segment Stone Wall x1 |
| 27:21 | johnnyrak · first_building Stable |
| 27:26 | TheFaceless23 · first_building Monastery |
| 27:30 | Gernisu · age_up imperial |
| 27:33 | RBase96 · first_market_sell 100 wood |
| 28:08 | johnnyrak · first_building Siege Workshop |
| 28:22 | H-u-n-t-e-R · wall_segment Stone Wall x9 |
| 28:30 | H-u-n-t-e-R · wall_segment Stone Wall x9 |
| 28:38 | johnnyrak · age_up imperial |
| 28:49 | H-u-n-t-e-R · wall_segment Stone Wall x6 |
| 29:08 | RBase96 · first_building Castle |
| 30:22 | The Messiah · first_building Stable |
| 30:24 | Lorhey · wall_segment Stone Wall x6 |
| 30:48 | Lorhey · age_up imperial |
| 30:54 | Lorhey · first_market_sell 500 food |
| 31:04 | Dizzy AoE · first_market_buy 100 stone |
| 31:11 | Dizzy AoE · first_building Castle |
| 31:13 | The Messiah · first_building Archery Range |
| 31:21 | The Messiah · first_building Siege Workshop |
| 31:41 | TheFaceless23 · first_building Castle |
| 33:11 | H-u-n-t-e-R · age_up imperial |
| 33:52 | TheFaceless23 · first_building Stable |
| 34:20 | The Messiah · age_up imperial |
| 35:01 | Gernisu · tribute_sent a jugador 1 |
| 35:01 | Gernisu · tribute_sent a jugador 2 |
| 35:01 | Gernisu · tribute_sent a jugador 4 |
| 35:01 | Gernisu · tribute_sent a jugador 5 |
| 35:01 | Gernisu · tribute_sent a jugador 6 |
| 35:01 | Gernisu · tribute_sent a jugador 7 |
| 35:01 | Gernisu · tribute_sent a jugador 8 |
| 35:41 | TheFaceless23 · age_up imperial |
| 35:52 | Gernisu · tribute_sent a jugador 1 |
| 35:52 | Gernisu · tribute_sent a jugador 2 |
| 35:52 | Gernisu · tribute_sent a jugador 4 |
| 35:52 | Gernisu · tribute_sent a jugador 5 |
| 35:52 | Gernisu · tribute_sent a jugador 6 |
| 35:52 | Gernisu · tribute_sent a jugador 7 |
| 35:52 | Gernisu · tribute_sent a jugador 8 |
| 35:58 | RBase96 · wall_segment Stone Wall x11 |
| 36:36 | johnnyrak · first_building Castle |
| 36:46 | Lorhey · first_building Siege Workshop |
| 37:00 | Gernisu · first_building Siege Workshop |
| 37:08 | RBase96 · wall_segment Stone Wall x6 |
| 39:38 | Lorhey · wall_segment Stone Wall x11 |
| 40:19 | H-u-n-t-e-R · first_building Barracks |
| 40:39 | Gernisu · tribute_sent a jugador 1 |
| 40:39 | Gernisu · tribute_sent a jugador 2 |
| 40:39 | Gernisu · tribute_sent a jugador 4 |
| 40:39 | Gernisu · tribute_sent a jugador 5 |
| 40:39 | Gernisu · tribute_sent a jugador 6 |
| 40:39 | Gernisu · tribute_sent a jugador 7 |
| 40:39 | Gernisu · tribute_sent a jugador 8 |
| 41:35 | H-u-n-t-e-R · first_building Stable |
| 42:00 | Gernisu · tribute_sent a jugador 1 |
| 42:00 | Gernisu · tribute_sent a jugador 2 |
| 42:00 | Gernisu · tribute_sent a jugador 4 |
| 42:00 | Gernisu · tribute_sent a jugador 5 |
| 42:00 | Gernisu · tribute_sent a jugador 6 |
| 42:00 | Gernisu · tribute_sent a jugador 7 |
| 42:00 | Gernisu · tribute_sent a jugador 8 |
| 42:44 | RBase96 · wall_segment Stone Wall x13 |
| 42:53 | The Messiah · wall_segment Stone Wall x9 |
| 43:35 | The Messiah · wall_segment Stone Wall x10 |
| 44:13 | The Messiah · wall_segment Stone Wall x8 |
| 44:35 | johnnyrak · first_building Donjon |
| 46:18 | RBase96 · wall_segment Stone Wall x9 |
| 47:16 | Dizzy AoE · resign |
[ AI ANALYSIS · 1 CREDIT ]
What really happened in this match?
Wolo.gg analyzes every decision: build order, eco, micro, common mistakes by bracket. Personalized analysis on WhatsApp or Discord in 30 seconds.
Civ guide
Shu
Perfil
Jugador #42165